AoeStats
← Gradubide_II

Oasis

509921761Analyzed
4v4 RM · 4d ago on Sep 28, 2026· 39m 41s· 8 players
Game mode
Random Map
Map size
Large (8 player)
Population
200
Speed
Normal
Resources
Standard
Victory
Conquest
Starting age
Dark Age
Ending age
Imperial Age
RankedLock teamsTeams togetherTeam positionsShared explorationLock speedFull tech treeHidden civsTurbo modeCheats
Victory
Defeat
🇮🇹 Celts · Italy
639
+6
🇫🇷 Romans · France
589
+8
🇨🇱 Malay · Chile
469
+12
🇵🇪 Persians · Peru
405
+14
🇮🇩 Britons · Indonesia
425
-11
🇨🇳 Khmer · China
415
-11
🇨🇳 Chinese · China
353
-9
🇨🇳 Shu · China
351
-9
梁山
10:11 Feudal Age
10:52 Double-Bit Axe
10:51 Horse Collar
17:22 Castle Age
16:03 Stone Mining
16:04 Gold Mining
16:17 Gold Mining
31:50 Imperial Age
30:31 Gold Shaft Mining
30:32 Stone Shaft Mining
30:00 Heavy Plow
31:28 Loom
32:18 Wheelbarrow
33:42 Crop Rotation
35:53 Elite Ballista Elephant
36:33 Tusk Swords
36:35 Double Crossbow
36:49 Double Crossbow
37:37 Forging
37:27 Scale Mail Armor
37:33 Scale Barding Armor
37:23 Fletching
37:33 Padded Archer Armor
37:58 Ballistics
38:39 Chemistry
38:07 Caravan
38:41 Hand Cart
默认
0:53 Loom
12:00 Feudal Age
12:47 Horse Collar
15:55 Wheelbarrow
21:25 Double-Bit Axe
27:10 Man-at-Arms
28:15 Gold Mining
28:15 Stone Mining
31:47 Padded Archer Armor
31:38 Fletching
33:55 Castle Age
34:37 Heavy Plow
35:20 Gold Shaft Mining
35:21 Stone Shaft Mining
35:04 Bow Saw
34:20 Elite Skirmisher
35:19 Hand Cart
35:30 Pikeman
36:10 Squires
Elite Savage
NIGGA FROM THE HOOD
11:37 Feudal Age
13:15 Wheelbarrow
19:56 Gold Mining
19:56 Stone Mining
20:02 Stone Mining
20:19 Double-Bit Axe
21:32 Gold Mining
27:21 Castle Age
27:53 Man-at-Arms
28:19 Gambesons
27:57 Crossbowman
28:58 Hand Cart
30:41 Fortified Wall
30:21 Guard Tower
38:03 Bow Saw
37:41 Horse Collar
39:41 Gold Shaft Mining
pavelinhos
12:46 Feudal Age
14:12 Stone Mining
18:30 Castle Age
19:54 Double-Bit Axe
21:42 Horse Collar
25:12 Wheelbarrow
26:32 Fletching
26:42 Padded Archer Armor
27:01 Kamandaran
28:11 Crossbowman
28:57 Thumb Ring
30:11 Bodkin Arrow
30:27 Gold Mining
31:44 Bow Saw
34:27 Gold Shaft Mining
34:11 Leather Archer Armor
40:22 Imperial Age
SirPresident765
0:40 Loom
12:52 Feudal Age
13:47 Man-at-Arms
20:14 Double-Bit Axe
21:51 Town Watch
22:46 Wheelbarrow
27:12 Castle Age
25:50 Forging
25:40 Fletching
26:03 Scale Mail Armor
26:33 Scale Barding Armor
26:27 Horse Collar
26:51 Gold Mining
26:59 Stone Mining
28:56 Hand Cart
30:36 Heavy Plow
31:24 Bow Saw
33:25 Town Patrol
35:40 Gold Shaft Mining
35:44 Stone Shaft Mining
38:47 Imperial Age
37:00 Fortified Wall
37:10 Masonry
37:21 Ballistics
38:08 Iron Casting
37:58 Chain Mail Armor
37:36 Arson
37:38 Gambesons
38:33 Caravan
39:08 Onager
39:55 Padded Archer Armor
Gradubide_II
0:47 Loom
13:17 Feudal Age
16:19 Double-Bit Axe
19:05 Forging
18:56 Scale Mail Armor
19:02 Scale Barding Armor
20:11 Padded Archer Armor
20:02 Fletching
21:42 Wheelbarrow
22:17 Horse Collar
23:02 Town Watch
23:17 Gold Mining
23:23 Stone Mining
23:07 Man-at-Arms
29:00 Castle Age
29:55 Long Swordsman
29:56 Pikeman
30:37 Squires
30:01 Elite Skirmisher
31:31 Heavy Plow
32:12 Iron Casting
31:22 Crossbowman
32:35 Bow Saw
33:03 Murder Holes
33:19 Fortified Wall
33:53 Masonry
34:27 Caravan
34:58 Coinage
35:13 Hand Cart
36:16 Ballistics
36:03 Town Patrol
37:21 Chain Mail Armor
37:27 Chain Barding Armor
38:15 Guard Tower
39:17 Bodkin Arrow
39:42 Leather Archer Armor
maximo.cmd
0:59 Loom
10:44 Feudal Age
10:31 Double-Bit Axe
12:19 Wheelbarrow
12:59 Man-at-Arms
19:35 Gold Mining
19:36 Stone Mining
20:11 Horse Collar
21:49 Arson
29:57 Castle Age
29:36 Scale Barding Armor
30:10 Long Swordsman
32:15 Hand Cart
32:50 Bow Saw
32:45 Heavy Plow
33:25 Gold Shaft Mining
38:14 Imperial Age
36:13 Husbandry
38:32 Forging
38:23 Padded Archer Armor
38:02 Cavalier
Connection lost

Rejoining the realm…

Still unreachable

The connection could not be restored.

Session expired

The server has moved on; the page needs a fresh start.